 Dungeon Crawl Stone Soup version 0.22-a0-422-g9628fc8 (webtiles) character file.

242 Borgoz the Skirmisher (level 6, 0/38 HPs)
             Began as a Gargoyle Abyssal Knight on May 19, 2018.
             Was a Believer of Lugonu.
             Slain by Pikel
             ... wielding a +2 whip of freezing
              (2 damage)
             ... on level 4 of the Dungeon.
             The game lasted 00:04:26 (3370 turns).

Borgoz the Skirmisher (Gargoyle Abyssal Knight)     Turns: 3370, Time: 00:04:26

Health: 0/38       AC: 10    Str: 16    XL:     6   Next: 9%
Magic:  17/17      EV: 12    Int: 12    God:    Lugonu [**....]
Gold:   247        SH:  0    Dex: 11    Spells: 5/5 levels left

rFire    . . .     SeeInvis .   a - +1 hand axe
rCold    . . .     Gourm    .   (no shield)
rNeg     + . .     Faith    .   p - +3 leather armour
rPois    ∞         Spirit   .   (no helmet)
rElec    +         Reflect  .   (no cloak)
rCorr    .         Harm     .   (no gloves)
MR       .....                  (no boots)
Stlth    +.........             (no amulet)
HPRegen  0.12/turn              q - ring of magical power
MPRegen  0.15/turn              (no ring)

@: no status effects
A: negative energy resistance 1, electricity resistance, unbreathing,
petrification resistance, rot immunity, AC +4
a: Depart the Abyss, Bend Space, Renounce Religion


You were on level 4 of the Dungeon.
You worshipped Lugonu.
Lugonu was pleased with you.
You were very hungry.

You visited 1 branch of the dungeon, and saw 4 of its levels.
You visited the Abyss 1 time.

You collected 247 gold pieces.

Inventory:

Hand Weapons
 a - a +1 hand axe (weapon)
Armour
 p - a +3 leather armour (worn)
Jewellery
 q - a ring of magical power (left hand)
Scrolls
 g - a scroll of teleportation
 m - a scroll of amnesia
 n - 2 scrolls of enchant armour
Potions
 b - a potion of lignification {unknown}
 d - a potion of mutation {unknown}
 e - a potion of curing
 f - a potion of might {unknown}
 j - a potion of agility {unknown}
 l - 2 potions of invisibility {unknown}
 o - 3 potions of haste
 r - a potion of flight {unknown}
Comestibles
 c - 7 rations


   Skills:
 + Level 3.9 Fighting
 * Level 3.5 Axes
 + Level 3.2 Armour
 * Level 2.4 Dodging
 + Level 2.9 Invocations


You had 5 spell levels left.
You didn't know any spells.
Your spell library was empty.

Dungeon Overview and Level Annotations

Branches:
Dungeon (4/15)
 Temple: D:4-7

Altars:
Qazlal
Wu Jian

Annotations:
D:4 Pikel


Innate Abilities, Weirdness & Mutations

You are resistant to torment.
Your stone body is resilient. (AC +4)
You are immune to poison.
You resist negative energy. (rN+)
You are resistant to electric shocks. (rElec)
You can survive without breathing.
You are immune to petrification.
You are immune to rotting.


Message History

Pikel barely misses you.
You closely miss Pikel.
Pikel is severely wounded.
Pikel hits you with a whip of freezing. Pikel freezes you.
You closely miss Pikel.
Pikel is severely wounded.
Pikel hits you but does no damage.
You slash Pikel!
Pikel is almost dead.
Pikel hits you with a whip of freezing. Pikel freezes you.
You closely miss Pikel.
Pikel is almost dead.
Pikel hits you with a whip of freezing.
* * * LOW HITPOINT WARNING * * *
Pikel freezes you.
* * * LOW HITPOINT WARNING * * *
Pikel hits you with a whip of freezing.
* * * LOW HITPOINT WARNING * * *
Pikel freezes you.
You die...

######## #......#
#......#
#.....$##############
#......##...........#
#...$)..............#
#....[.##...........#
#......##.........<..
####@####.......<....
#K# ######.####..


pp# #.# . ..p# #.# ....# ... #....# ... .....# #.. ....... You could see Pikel
and 3 slaves.

Vanquished Creatures
  An orc wizard (D:2)
  A worker ant (D:4)
  A worker ant zombie (D:2)
  4 gnolls
  4 adders
  A shadow imp (D:2)
  A worm (D:2)
  2 dart slugs
  3 leopard geckos
  6 orcs
  2 giant cockroaches
  6 goblins
  9 hobgoblins
  9 jackals
  11 kobolds
  3 quokkas
  7 bats
  4 frilled lizards
  7 rats
82 creatures vanquished.

Vanquished Creatures (others)
  2 starspawn tentacles (Abyss:2)
2 creatures vanquished.

Grand Total: 84 creatures vanquished

Notes
Turn   | Place    | Note
-------+----------+-------------------------------------------
     0 | Abyss:1  | Borgoz the Gargoyle Abyssal Knight began the quest for the Orb.
     0 | Abyss:1  | Reached XP level 1. HP: 14/14 MP: 2/2
    28 | Abyss:1  | Found a corrupted altar of Lugonu.
    80 | Abyss:1  | Noticed an anaconda simulacrum
    89 | Abyss:2  | Found a corrupted altar of Lugonu.
   110 | Abyss:2  | Noticed a tentacled starspawn
   122 | Abyss:2  | Found a corrupted altar of Lugonu.
   122 | Abyss:2  | Noticed a big kobold
   122 | Abyss:2  | Noticed a big kobold
   122 | Abyss:2  | Noticed a big kobold
   122 | Abyss:2  | Noticed a big kobold
   122 | Abyss:2  | Noticed a big kobold
   122 | Abyss:2  | Noticed a big kobold
   122 | Abyss:2  | Noticed a big kobold
   122 | Abyss:2  | Noticed a big kobold
   128 | D:1      | Escaped the Abyss
   298 | D:1      | Reached skill level 1 in Dodging
   301 | D:1      | Reached * piety under Lugonu
   315 | D:1      | Reached XP level 2. HP: 14/19 MP: 3/3
   645 | D:1      | Reached XP level 3. HP: 22/23 MP: 4/4
  1156 | D:2      | Reached XP level 4. HP: 28/28 MP: 5/5
  1194 | D:2      | Reached ** piety under Lugonu
  1628 | D:2      | Reached XP level 5. HP: 28/33 MP: 6/6
  2565 | D:3      | Found an ornate altar of the Wu Jian Council.
  2956 | D:3      | Found a stormy altar of Qazlal.
  3324 | D:4      | Noticed a slave
  3326 | D:4      | Noticed a slave
  3326 | D:4      | Noticed a slave
  3327 | D:4      | Noticed Pikel
  3327 | D:4      | Noticed a slave
  3342 | D:4      | Reached XP level 6. HP: 21/38 MP: 8/8
  3370 | D:4      | Slain by Pikel

Vault maps used:
D:1:      saegor_arrival_simple_c
D:3:      nicolae_overflow_crystal_walls, grunt_qazlal_clouds
D:4:      first_ration, eino_small_chamber_without_monster, uniq_natasha,
          uniq_menkaure, uniq_eustachio, uniq_pikel
Abyss:2:  hangedman_abyss_lost_library, abyss_furniture_001, minivault_4,
          due_exit_kobolds

Skill      XL: |  1  2  3  4  5 |
---------------+----------------+-----
Dodging        | 1 2 |  2.4
Axes           | 2 3 |  3.5
Armour         | 3 |  3.2
Fighting       | |  3.9
Invocations    | |  2.9

Action                   |  1- 3 |  4- 6 || total
-------------------------+-------+-------++-------
Melee: Hand axe          |   116 |   250 ||   366
Invok: Depart the Abyss  |     1 |       ||     1
  Use: Scroll            |     1 |     7 ||     8
       Potion            |       |     2 ||     2
  Eat: Chunk             |       |     4 ||     4
       Ration            |       |     1 ||     1
Armor: Leather armour    |    64 |   103 ||   167
Dodge: Dodged            |    92 |   166 ||   258

Table legend:
 A = Spawn XP
 B = Non-spawn XP
 C = Spawn XP percentage of total XP
 D = Spawn monster count
 E = Non-spawn monster count
 F = Spawn count percentage of total count
 G = Total turns spent on level
                    A         B        C        D         E        F      G
               +---------+---------+-------+---------+---------+-------+---------
         Total |       0 |     346 |   0.0 |       0 |      82 |   0.0 |  3370
               +---------+---------+-------+---------+---------+-------+---------
           D:1 |       0 |      42 |   0.0 |       0 |      25 |   0.0 |   808
           D:2 |       0 |     167 |   0.0 |       0 |      33 |   0.0 |  1401
           D:3 |       0 |     103 |   0.0 |       0 |      23 |   0.0 |   977
           D:4 |       0 |      34 |   0.0 |       0 |       1 |   0.0 |    56
               +---------+---------+-------+---------+---------+-------+---------
